 Dungeon Crawl Stone Soup version 0.30.0-29-ga12c61a403 (webtiles) character file.

Game seed: 4469492490476223233

371 BONEBRO the Conjurer (level 6, -1/48 HPs)
             Began as an Armataur Hedge Wizard on June 22, 2023.
             Killed from afar by an orc wizard (7 damage)
             ... with a puff of flame
             ... on level 3 of the Dungeon on June 23, 2023.
             The game lasted 00:11:58 (3001 turns).

BONEBRO the Conjurer (Armataur Hedge Wizard)        Turns: 3001, Time: 00:11:59

Health: -1/48      AC:  5    Str: 16    XL:     6   Next: 42%
Magic:  3/10       EV:  9    Int: 16    God:
Gold:   116        SH:  0    Dex:  9    Spells: 6/10 levels left

rFire   . . .        j - +0 whip
rCold   . . .        (no shield)
rNeg    . . .        b - +0 robe
rPois   .            g - +0 helmet
rElec   .            (no cloak)
rCorr   .            (no gloves)
SInv    .            (no barding)
Will    .....        (no amulet)
Stlth   ++           (no ring)
HPRegen 0.28/turn    (no ring)
MPRegen 0.12/turn

%: roll
@: no status effects
A: large, rugged brown scales 3, deformed body, armoured tail, roll, long
tongue, awkward tongue
a: no special abilities


You were on level 3 of the Dungeon.
You visited 1 branch of the dungeon, and saw 4 of its levels.

You collected 116 gold pieces.

Inventory:

Hand Weapons
 a - a +0 dagger
 d - a +0 scythe
 f - a +0 short sword
 j - a +0 whip (weapon)
Armour
 b - a +0 robe (worn)
 c - a +0 hat
 g - a +0 helmet (worn)
 t - a +0 pair of gloves
Jewellery
 s - a +5 ring of evasion
Wands
 n - a wand of iceblast (6)
Scrolls
 e - a scroll of torment {unknown}
 h - 4 scrolls of amnesia {unknown}
 i - 2 scrolls of identify {unknown}
 k - 2 scrolls of vulnerability {unknown}
 m - 2 scrolls of noise {unknown}
 p - a scroll of butterflies {unknown}
 q - a scroll of brand weapon {unknown}
Potions
 l - 2 potions of lignification {unknown}
 o - a potion of magic
 r - a potion of brilliance {unknown}


   Skills:
 + Level 3.0 Maces & Flails
 - Level 1.3 Dodging
 - Level 2.1 Stealth
 - Level 2.6 Spellcasting
 - Level 5.1 Conjurations
 - Level 0.7 Summonings
 - Level 1.0 Translocations


You had 6 spell levels left.
You knew the following spells:

 Your Spells              Type           Power      Damage    Failure   Level
a - Magic Dart            Conj           72%        1d6       2%          1
b - Slow                  Hex            8%         N/A       19%         1
c - Blink                 Tloc           10%        N/A       19%         2

Your spell library contained the following spells:

 Spells                   Type           Power      Damage    Failure   Level
 Call Imp                 Summ           8%         N/A       22%         2
 Cigotuvi's Dreadful Rot  Necr/Pois/Air  4%         N/A       28%         2
 Mephitic Cloud           Conj/Pois/Air  7%         N/A       28%         3
 Iskenderun's Battlesphe  Conj           18%        2d7       54%         5
 Iron Shot                Conj/Erth      5%         9d2       100%        6
 Spellforged Servitor     Conj/Summ      5%         N/A       100%        7


Dungeon Overview and Level Annotations

Branches:
Dungeon (4/15)
 Temple: D:4-7

Altars:


Innate Abilities, Weirdness & Mutations

You are completely covered in rugged brown scales. (AC +3, +7% HP)
Armour fits poorly on your strangely shaped body.
You have a long armoured tail.
You roll when moving toward enemies. (Rampage)
Your long tongue fully drains potion bottles. (2x potion effects)
Your tongue gives you trouble enunciating. (1.5x scroll delay)


Message History

The magic dart hits the orc.
The orc is severely wounded.
The orc priest calls down the wrath of Beogh upon you.
Beogh smites you! The orc hits you with a +0 dagger.
The magic dart hits the orc.
You kill the orc!
You closely miss the orc priest.
Your tail-slap misses the orc priest.
You closely miss the orc priest.
You tail-slap the orc priest, but do no damage.
The orc priest hits you with a +0 whip.
You hit the orc priest.
The orc priest is heavily wounded.
The orc priest hits you with a +0 whip.
The magic dart hits the orc priest.
The orc priest is heavily wounded.
The orc priest hits you with a +0 whip.
Something tries to affect you, but you resist.
You hear a shout!
You are too injured to fight recklessly!
Casting: Magic Dart (safe; 2% risk of failure)
Confirm with . or Enter, or press ? or * to list all spells.
Aiming: Magic Dart (safe; 2% risk of failure)
Press: ? - help, Shift-Dir - straight line, f/p - orc priest
Aim: an orc priest, wielding a +0 whip and wearing a +0 leather armour (heavily wounded, 100% to hit)
The magic dart hits the orc priest.
The orc priest is severely wounded.
The orc priest hits you with a +0 whip.
Casting: Magic Dart (safe; 2% risk of failure)
Confirm with . or Enter, or press ? or * to list all spells.
Aiming: Magic Dart (safe; 2% risk of failure)
Press: ? - help, Shift-Dir - straight line, f/p - orc priest
Aim: an orc priest, wielding a +0 whip and wearing a +0 leather armour (severely wounded, 100% to hit)
The magic dart hits the orc priest.
The orc priest is severely wounded.
The orc priest mumbles some strange prayers to Beogh against you.
Beogh smites you!
* * * LOW HITPOINT WARNING * * *
A puff of flame appears from out of thin air!
The puff of flame hits you!
You die...

### #.# #.#
### ..#
##.{.#####{#
#.......##.#
#.##)# #.##@#
#.#####..o.#
#.........>#
#####...#..###
#...#....#
#...#.##.#
#........#
#(.......#
#........#


You could see an orc priest.

Vanquished Creatures
  Sigmund (D:2)
  An orc priest (D:4)
  An orc wizard (D:4)
  Natasha (thrice) (D:4)
  2 adders
  2 dart slugs
  5 orcs
  A ball python (D:1)
  2 bat skeletons (D:2)
  10 endoplasms
  4 giant cockroaches
  4 goblins
  5 hobgoblins
  6 kobolds
  2 quokkas (D:1)
  A ball python skeleton (D:2)
  A frilled lizard (D:1)
  4 rats
55 creatures vanquished.

Notes
Turn   | Place    | Note
-------+----------+-------------------------------------------
     0 | D:1      | BONEBRO the Armataur Hedge Wizard began the quest for the
                  | Orb.
     0 | D:1      | Reached XP level 1. HP: 14/14 MP: 4/4
    14 | D:1      | Reached skill level 1 in Conjurations
   208 | D:1      | Found a faded altar of an unknown god.
   251 | D:1      | Reached XP level 2. HP: 21/21 MP: 0/5
   316 | D:1      | Reached skill level 2 in Conjurations
   454 | D:1      | HP: 1/21 [endoplasm (3)]
   997 | D:1      | Reached XP level 3. HP: 27/27 MP: 1/7
  1428 | D:2      | Noticed Sigmund
  1530 | D:2      | Reached skill level 3 in Conjurations
  1766 | D:1      | Learned a level 1 spell: Slow
  1769 | D:1      | Learned a level 2 spell: Blink
  1837 | D:2      | Killed Sigmund
  1838 | D:2      | Reached skill level 5 in Conjurations
  1838 | D:2      | Reached XP level 4. HP: 12/35 MP: 2/8
  1838 | D:2      | Reached XP level 5. HP: 13/40 MP: 2/9
  2011 | D:2      | You fall into a shaft and drop 2 floors!
  2050 | D:4      | Noticed Natasha
  2065 | D:4      | Killed Natasha
  2066 | D:4      | Reached skill level 1 in Maces & Flails
  2155 | D:4      | Noticed Natasha
  2165 | D:4      | Killed Natasha
  2246 | D:4      | Reached XP level 6. HP: 34/48 MP: 2/10
  2344 | D:4      | Noticed Natasha
  2351 | D:4      | Killed Natasha
  3001 | D:3      | Killed from afar by an orc wizard

Illustrated notes

Levels and vault maps discovered:
D:1:      saegor_arrival_simple_c, layout_loops_cross,
          dilly_ecumenical_altar_fadedgnrine, minmay_nonomino_d4
D:2:      layout_basic, serial_undead, serial_undead_f, serial_undead_b,
          serial_undead_d, serial_undead_c, serial_undead_f, serial_undead_a,
          uniq_sigmund, uniq_crazy_yiuf_cottage
D:3:      layout_basic, grunt_qazlal_clouds
D:4:      layout_layer_cave, minitemple, minmay_temple_entry_overgrown,
          uniq_robin, uniq_natasha, uniq_blork_the_orc

Skill      XL: |  1  2  3  4  5  6 |
---------------+-------------------+-----
Conjurations   | 1 2 5 |  5.1
Maces & Flails | 1 3 |  3.0
Dodging        | |  1.3
Stealth        | |  2.1
Spellcasting   | |  2.6
Summonings     | |  0.7
Translocations | |  1.0

Action                     |  1- 3 |  4- 6 || total
---------------------------+-------+-------++-------
  Melee: Short sword       |    43 |       ||    43
         Dagger            |     5 |       ||     5
         Tailslap          |     6 |     7 ||    13
         Punch             |     2 |     2 ||     4
         Whip              |    16 |    42 ||    58
   Cast: Magic Dart        |    87 |    76 ||   163
  Evoke: Wand              |     1 |       ||     1
    Use: Potion            |     1 |       ||     1
   Stab: Sleeping          |     1 |       ||     1
 Armour: Robe              |    35 |    18 ||    53
  Dodge: Dodged            |    56 |    16 ||    72
